 Dungeon Crawl Stone Soup version 0.27-a0-1206-g6342a01c75 (webtiles) character file.

Game seed: 14875871219952778441

37505 Bnni the Fighter (level 13, -12/133 HPs)
             Began as a Demonspawn Brigand on June 5, 2021.
             Was a Priest of Ashenzari.
             Mangled by a white ugly thing (35 damage)
             ... on level 13 of the Dungeon on June 6, 2021.
             The game lasted 01:29:27 (17964 turns).

Bnni the Fighter (Demonspawn Brigand)              Turns: 17964, Time: 01:29:28

Health: -12/133    AC: 13    Str: 13    XL:     13   Next: 58%
Magic:  23/23      EV:  9    Int: 14    God:    Ashenzari [***...]
Gold:   906        SH: 15    Dex: 17    Spells: 25/25 levels left

rFire    . . .     SeeInvis +   j - +2 double sword (flame)
rCold    . . .     Faith    .   s - +3 warlock's mirror {reflect}
rNeg     . . .     Spirit   .   z - +0 crystal plate armour
rPois    .         Reflect  +   g - +1 helmet of Ashenzari's Planets {Cun, Melee} (curse)
rElec    .         Harm     .   c - +0 cloak "Bound Negation" {Fort, Cun} (curse)
rCorr    .         Rampage  .   I - +1 pair of gloves
Will     .....     Clarity  +   (boots unavailable)
Stlth    ..........             M - amulet of regeneration
HPRegen  1.32/turn              i - ring "Behold Eternity" {EV+4, Evo, Alch} (curse)
MPRegen  0.18/turn              q - ring "Lashed Together" {Slay+4, Bglg, Evo} (curse)

@: agile, corroded, studying 2 skills
A: hooves 3, large bone plates 2, powered by pain 1, robust 2, demonic magic 1
a: Renounce Religion, Shatter the Chains


You were on level 13 of the Dungeon.
You worshipped Ashenzari.
Ashenzari was most pleased with you.
You visited 2 branches of the dungeon, and saw 15 of its levels.
You also visited: Sewer and Bailey.

You collected 906 gold pieces.

Inventory:

Hand Weapons
 j - a +2 double sword of flaming (weapon)
Missiles
 d - 101 poisoned darts (quivered)
 e - 7 curare-tipped darts
 l - 15 boomerangs
 u - 5 throwing nets
 y - 20 javelins
 N - 5 atropa-tipped darts
Armour
 c - the cursed +0 cloak "Bound Negation" (worn) {Fort, Cun}

   It has a curse which improves the following skills: Fortitude: Armour and
   Shields.
   Cunning:   Dodging and Stealth.
 g - the cursed +1 helmet of Ashenzari's Planets (worn) {Cun, Melee}
   (You found it on level 4 of the Dungeon)

   It has a curse which improves the following skills: Cunning: Dodging and
   Stealth.
   Melee Combat: Short Blades, Long Blades, Axes, Maces & Flails, Polearms,
   Staves and Unarmed Combat.
 m - a +0 plate armour of cold resistance
 s - the +3 warlock's mirror (worn) {reflect}
   (You acquired it in a bailey)
 z - a +0 crystal plate armour (worn)
 I - a +1 pair of gloves (worn)
Jewellery
 f - a +4 ring of protection
 i - the cursed ring "Behold Eternity" (left hand) {EV+4, Evo, Alch}
   (You found it on level 1 of the Dungeon)

   [ring of evasion]

   It affects your evasion (+4).
   It has a curse which improves the following skills: Evocations: Evocations.
   Alchemy:   Poison Magic and Transmutations.
 n - a +6 ring of dexterity
 q - the cursed ring "Lashed Together" (right hand) {Slay+4, Bglg, Evo}
   (You found it in a sewer)

   [ring of slaying]

   It affects your accuracy and damage with ranged weapons and melee attacks
   (+4).
   It has a curse which improves the following skills: Beguiling: Conjurations,
   Hexes and Translocations.
   Evocations: Evocations.
 r - a ring of resist corrosion
 t - a ring of protection from fire
 H - a ring of poison resistance
 M - an amulet of regeneration (around neck)
Wands
 o - a wand of mindburst (13)
 w - a wand of flame (15)
 B - a wand of acid (19)
 F - a wand of polymorph (7)
 J - a wand of iceblast (4)
Scrolls
 h - 6 scrolls of teleportation
 p - a scroll of fog
 C - 5 scrolls of amnesia
 D - 2 scrolls of brand weapon
 G - a scroll of magic mapping
 L - a scroll of blinking
Potions
 a - 3 potions of might
 b - a potion of mutation
 k - a potion of resistance
 v - 2 potions of haste
 x - 3 potions of curing
 A - 3 potions of flight
 E - a potion of brilliance


   Skills:
 + Level 13.6 Fighting
 - Level 4.2(10.6) Short Blades
 - Level 13.3(15.1) Long Blades
 - Level 1.7 Throwing
 - Level 6.5(8.4) Armour
 - Level 0.8(2.3) Dodging
 - Level 4.9(7.7) Stealth
 - Level 6.0(8.0) Shields
 * Level 6.8 Spellcasting
 + Level 3.8(5.5) Translocations


You had 25 spell levels left.
You didn't know any spells.
Your spell library contained the following spells:

 Spells                   Type           Power      Damage    Failure   Level
 Beastly Appendage        Tmut           10%        N/A       100%        1
 Sandblast                Erth           8%         2d5       100%        1
 Passwall                 Tmut/Erth      4%         N/A       100%        2
 Wereblood                Tmut           5%         N/A       100%        2
 Spider Form              Tmut/Pois      2%         N/A       100%        3
 Stone Arrow              Conj/Erth      10%        3d7       100%        3
 Ice Form                 Ice/Tmut       5%         N/A       100%        4
 Petrify                  Tmut/Erth      5%         N/A       100%        4
 Summon Ice Beast         Ice/Summ       4%         N/A       100%        4
 Hydra Form               Tmut           2%         N/A       100%        5
 Lee's Rapid Deconstruct  Erth           2%         3d5*      100%        5
 Freezing Cloud           Conj/Ice/Air   2%         6-21      100%        6
 Simulacrum               Ice/Necr       2%         N/A       100%        6
 Ozocubu's Refrigeration  Ice            2%         4d5       100%        7


Dungeon Overview and Level Annotations

Branches:
Dungeon (14/15)            Temple (1/1) D:7            Lair (0/6) D:9
    Orc (0/2) D:9          Vaults (0/5) D:13          Sewer (visited)
 Bailey (visited)

Altars:
Ashenzari
Cheibriados
Dithmenos
Elyvilon
Fedhas
Gozag
Hepliaklqana
Kikubaaqudgha
Makhleb
Nemelex Xobeh
Okawaru
Qazlal
Ru
Sif Muna
Trog
Uskayaw
Vehumet
Wu Jian
Xom
Yredelemnul
Zin
The Shining One
Beogh

Shops:
D:6 [   D:13 (


Innate Abilities, Weirdness & Mutations

You have hooves in place of feet.
You are mostly covered in large bone plates. (SH +6)
You sometimes gain a little power by taking damage.
You are very robust. (+20% HP)
Spells you cast may paralyse adjacent enemies.


Message History

The brown ugly thing is moderately wounded.
The brown ugly thing claws you!
You are splashed with acid!
You hit the brown ugly thing but do no damage.
Your kick misses the brown ugly thing.
The brown ugly thing is moderately wounded.
You block the white ugly thing's attack.
You block the brown ugly thing's attack.
You slice the brown ugly thing!! You burn the brown ugly thing!
Your kick misses the brown ugly thing.
The brown ugly thing is severely wounded.
The white ugly thing punches you. The white ugly thing freezes you!!
You focus on the pain.
You feel agile all of a sudden.
You closely miss the brown ugly thing. Your kick misses the brown ugly thing.
The brown ugly thing is severely wounded.
You block the brown ugly thing's attack.
The white ugly thing punches you but does no damage.
You hit the brown ugly thing but do no damage.
Your kick misses the brown ugly thing.
The brown ugly thing is severely wounded.
The brown ugly thing closely misses you.
Your crystal plate armour prevents you from hitting the brown ugly thing.
The brown ugly thing is severely wounded.
You block the white ugly thing's attack.
The brown ugly thing claws you. The acid corrodes you!
You are splashed with acid!
You hit the brown ugly thing but do no damage.
The brown ugly thing is severely wounded.
The white ugly thing punches you. The white ugly thing freezes you!
* * * LOW HITPOINT WARNING * * *
You hit the brown ugly thing but do no damage.
You kick the brown ugly thing, but do no damage.
The brown ugly thing is severely wounded.
The brown ugly thing barely misses you.
You riposte.
You hit the brown ugly thing. You burn the brown ugly thing.
The brown ugly thing is severely wounded.
The white ugly thing punches you.
* * * LOW HITPOINT WARNING * * *
The white ugly thing freezes you!!
You die...

..............##.....#.####
...(..........##.......#
####.............#..####
....................#
###.................#####
.##..............(......###
.#.>>.............#.......#
...............#######.##.#
...............u@u........###
................######......#
..............#..## ######.#
..................# #..#
#.#)..........#...########.##
#...###############........#
....#8....[_[)...8#......###
....#.............#.......#
#...#.#8#..8..#8#.#.....<.#


You could see 2 ugly things.

Vanquished Creatures
  The ghost of flt the Blocker, a journeyman DjGl of Yredelemnul (D:13)
  8 vault guards (D:13)
  Harold (D:9)
  A rakshasa (D:10)
  2 hydras
  The ghost of Morbidden the Thaumaturge, a journeyman DsBr of Cheibriados (D:11)
  3 two-headed ogres
  Sonja (D:13)
  A deep elf pyromancer (D:14)
  Pikel (D:9)
  7 cyclopes
  8 ugly things
  A manticore (D:12)
  Maurice (D:10)
  10 centaur zombies
  A gargoyle (D:10)
  The ghost of Glokmah the Vexing, a novice GnAM (D:4)
  8 trolls
  6 slime creatures
  2 shadows
  2 basilisks
  16 yaks
  4 wraiths
  A vampire (D:13)
  A human (D:14)
  3 vampire mosquitoes
  A warg (D:13)
  2 acid dragons
  2 water moccasins (D:7)
  18 orc warriors
  4 ice beasts
  A hornet zombie (D:6)
  4 sky beasts
  A black bear (D:5)
  2 necrophages
  2 ogres
  3 phantoms
  14 centaurs
  3 bullfrogs
  2 kobold brigands
  A gnoll sergeant (D:9)
  2 scorpions (D:7)
  2 water moccasin zombies
  A water moccasin skeleton (D:6)
  9 killer bees
  9 wights
  3 electric eels (D:9)
  8 howler monkeys
  2 jellies
  9 orc priests
  A hound (D:6)
  A bullfrog skeleton (D:5)
  A centaur skeleton (D:7)
  An iguana (D:6)
  8 orc wizards
  A killer bee zombie (D:6)
  A mummy (D:10)
  2 howler monkey zombies
  3 gnolls (D:9)
  9 adders
  3 white imps (D:7)
  An adder skeleton (D:5)
  2 worms
  2 dart slugs
  47 orcs
  3 bats
  6 endoplasms
  8 giant cockroaches
  9 goblins
  11 hobgoblins
  10 jackals
  9 quokkas
  7 ball pythons
  7 frilled lizards
  11 kobolds
  5 rats
366 creatures vanquished.

Vanquished Creatures (others)
  A kobold (D:9)
  5 fungi (D:5)
  14 plants
20 creatures vanquished.

Grand Total: 386 creatures vanquished

Notes
Turn   | Place    | Note
-------+----------+-------------------------------------------
     0 | D:1      | Bnni the Demonspawn Brigand began the quest for the Orb.
     0 | D:1      | Reached XP level 1. HP: 16/16 MP: 1/1
   517 | D:1      | Gained mutation: You have large cloven feet. [demonic
                  | ancestry]
   517 | D:1      | Reached XP level 2. HP: 22/22 MP: 2/2
  1371 | D:2      | Gained mutation: You are partially covered in large bone
                  | plates. (SH +4) [demonic ancestry]
  1371 | D:2      | Reached XP level 3. HP: 26/28 MP: 3/3
  1626 | D:2      | You fall into a shaft and drop 1 floor!
  1885 | D:3      | Noticed a phantom
  1892 | D:3      | Killed a phantom
  1893 | D:3      | Gained mutation: Spells you cast may paralyse adjacent
                  | enemies. [demonic ancestry]
  1893 | D:3      | Reached XP level 4. HP: 30/35 MP: 4/4
  1898 | D:3      | Gained mutation: You sometimes gain a little power by
                  | taking damage. [demonic ancestry]
  1898 | D:3      | Reached XP level 5. HP: 35/41 MP: 5/5
  2764 | D:3      | Found a faded altar of an unknown god.
  3244 | D:4      | Noticed an ogre
  3248 | D:4      | Noticed Glokmah's ghost (novice GnAM)
  3326 | D:4      | Gained mutation: You have hoof-like feet. [demonic
                  | ancestry]
  3326 | D:4      | Reached XP level 6. HP: 15/47 MP: 6/6
  3540 | D:4      | Found a runed translucent gate.
  3540 | D:4      | Found a runed translucent gate.
  3540 | D:4      | Found a runed translucent gate.
  3948 | D:4      | Identified a scroll of acquirement
  3948 | D:4      | Acquired a +0 double sword of flaming
  4107 | D:4      | Reached skill level 1 in Long Blades
  4122 | D:4      | Killed Glokmah's ghost
  4123 | D:4      | Gained mutation: You have hooves in place of feet. [demonic
                  | ancestry]
  4123 | D:4      | Reached XP level 7. HP: 14/55 MP: 7/7
  4358 | D:5      | Entered Level 5 of the Dungeon
  4458 | D:5      | Found a bloodstained altar of Trog.
  4459 | D:5      | Found a sacrificial altar of Ru.
  4460 | D:5      | Found an opulent altar of Gozag.
  4552 | D:5      | Reached skill level 5 in Fighting
  4670 | D:5      | Reached skill level 5 in Long Blades
  4670 | D:5      | Gained mutation: You are mostly covered in large bone
                  | plates. (SH +6) [demonic ancestry]
  4670 | D:5      | Reached XP level 8. HP: 61/64 MP: 8/8
  4750 | D:5      | Found a blossoming altar of Fedhas.
  4752 | D:5      | Found a stormy altar of Qazlal.
  5484 | D:6      | Reached XP level 9. HP: 67/71 MP: 9/9
  5484 | D:6      | Found a glowing drain.
  5502 | Sewer    | Entered a sewer
  6109 | D:6      | Found Kax Vaol's Armour Emporium.
  6296 | D:6      | Found a sparkling altar of Nemelex Xobeh.
  6332 | D:6      | Noticed a troll
  6337 | D:6      | Killed a troll
  6903 | D:7      | Found a staircase to the Ecumenical Temple.
  6913 | Temple   | Entered the Ecumenical Temple
  7029 | Temple   | Became a worshipper of Ashenzari the Shackled
  7513 | D:7      | Reached XP level 10. HP: 60/81 MP: 10/10
  7867 | D:7      | Reached skill level 10 in Long Blades
  8465 | D:8      | Found a flagged portal.
  8477 | Bailey   | Entered a bailey
 10597 | Bailey   | Acquired the +3 warlock's mirror {reflect}
 10598 | Bailey   | Found the +3 warlock's mirror {reflect}
 10969 | D:8      | Reached skill level 1 in Shields
 11077 | D:8      | Reached * piety under Ashenzari
 11389 | D:8      | Found an ornate altar of the Wu Jian Council.
 11529 | D:9      | Noticed Harold
 11540 | D:9      | Killed Harold
 11541 | D:9      | Gained mutation: You are robust. (+10% HP) [demonic
                  | ancestry]
 11541 | D:9      | Reached XP level 11. HP: 76/99 MP: 11/11
 11696 | D:9      | Found a staircase to the Orcish Mines.
 11870 | D:9      | Noticed Pikel
 11885 | D:9      | Reached ** piety under Ashenzari
 11892 | D:9      | Killed Pikel
 11989 | D:9      | Reached skill level 10 in Fighting
 12726 | D:9      | Found a staircase to the Lair.
 12910 | D:9      | Reached *** piety under Ashenzari
 13166 | D:10     | Entered Level 10 of the Dungeon
 13202 | D:10     | Noticed Maurice
 13208 | D:10     | Killed Maurice
 13250 | D:10     | Noticed a white ugly thing
 13262 | D:10     | Killed a white ugly thing
 13619 | D:10     | Found an ancient bone altar of Kikubaaqudgha.
 13689 | D:10     | Found a snail-covered altar of Cheibriados.
 13859 | D:10     | Found a hazy altar of Hepliaklqana.
 13860 | D:10     | Found a shadowy altar of Dithmenos.
 13958 | D:10     | Noticed a rakshasa
 13978 | D:10     | Killed a rakshasa
 14635 | D:10     | Gained mutation: You are very robust. (+20% HP) [demonic
                  | ancestry]
 14635 | D:10     | Reached XP level 12. HP: 96/120 MP: 12/12
 14869 | D:11     | Noticed a two-headed ogre
 14893 | D:11     | Killed a two-headed ogre
 15066 | D:11     | Noticed Morbidden's ghost (journeyman DsBr)
 15073 | D:11     | Found a runed translucent door.
 15093 | D:11     | Killed Morbidden's ghost
 15101 | D:11     | Noticed a four-headed hydra
 15109 | D:11     | Killed a one-headed hydra
 15362 | D:11     | Reached skill level 5 in Armour
 15495 | D:11     | Found the +2 robe of Vines {NoPotionHeal Regen+++}
 15817 | D:11     | Reached **** piety under Ashenzari
 15873 | D:12     | Reached skill level 1 in Spellcasting
 16159 | D:12     | Identified the +1 leather armour of Wutreso {rN+ Regen+
                  | Int-3 Slay+5}
 16164 | D:12     | Noticed an eight-headed hydra
 16181 | D:12     | Killed a six-headed hydra
 16382 | D:12     | Noticed a two-headed ogre
 16388 | D:12     | Killed a two-headed ogre
 16389 | D:12     | Reached skill level 5 in Shields
 16598 | D:13     | Noticed a vault guard
 16598 | D:13     | Noticed a vault guard
 16598 | D:13     | Noticed a vault guard
 16599 | D:13     | Found a gate to the Vaults.
 16599 | D:13     | Noticed a vault guard
 16599 | D:13     | Noticed a vault guard
 16599 | D:13     | Noticed a vault guard
 16600 | D:13     | Noticed a vault guard
 16600 | D:13     | Noticed a vault guard
 16610 | D:13     | Killed a vault guard
 16616 | D:13     | Killed a vault guard
 16621 | D:13     | Killed a vault guard
 16622 | D:13     | Reached XP level 13. HP: 78/133 MP: 18/18
 16627 | D:13     | Reached skill level 1 in Translocations
 17023 | D:13     | Noticed Sonja
 17029 | D:13     | Reached skill level 5 in Spellcasting
 17036 | D:13     | Killed Sonja
 17313 | D:13     | Found Nyph's Antique Weapon Shop.
 17420 | D:13     | Found a runed translucent gate.
 17420 | D:13     | Noticed flt's ghost (journeyman DjGl)
 17421 | D:13     | Found a runed translucent gate.
 17422 | D:13     | Found a runed translucent gate.
 17425 | D:13     | Identified the +2 short sword of Liagoig {flame, Contam
                  | Str+4}
 17448 | D:13     | Identified the +1 chain mail of Gallantry {Rampage *Slow
                  | rC++ Stlth-}
 17469 | D:13     | Killed flt's ghost
 17964 | D:13     | Mangled by a white ugly thing

Illustrated notes

Levels and vault maps discovered:
D:1:      eino_arrival_water_star, layout_loops_corners, minmay_fountain_box
D:2:      layout_basic, uniq_sigmund
D:3:      layout_basic, basic_ecumenical_altar, dk_noncrumbling_3,
          minmay_close_crescents
D:4:      layout_loops_ring, gammafunk_ghost_split
D:5:      layout_loops_corners, grunt_temple_overflow_forces_of_nature,
          chequers_temple_overflow_statue_of_worship
D:6:      layout_basic, lemuel_round_altar, portal_sewer_entry_f, serial_shops,
          nicolae_shop_stone
D:7:      minmay_chambers_of_fours, layout_basic, minmay_temple_entry_overgrown
D:8:      layout_cave_pools, nicolae_wu_jian_immortal_techniques, enter_bailey_2
D:9:      layout_irregular_city, lair_entry_dummy, orc_0_dummy,
          kennysheep_boxes, uniq_harold, uniq_pikel
D:10:     minmay_razor_zed, layout_loops_ring, slow_altar_1,
          riverfiend_overflow_shadow_ancestor, kennysheep_mini_moat,
          lightli_minifort, uniq_maurice
D:11:     layout_loops_ring, hellmonk_ghost_happy_afterlife,
          hellmonk_guarded_unrand_vines
D:12:     layout_basic, kennysheep_generic_room_3
D:13:     layout_rooms, erik_vaults_2, serial_shops, shop_fountains,
          biasface_ghost_orc_armoury, uniq_sonja
D:14:     layout_basic, nrook_uturn, hangedman_stone_soup, uniq_josephine
Temple:   minmay_temple_curvy_loop

Skill      XL: |  1  2  3  4  5  6  7  8  9 10 11 12 13 |
---------------+----------------------------------------+-----
Short Blades   | 2 3 4 |  4.2
Stealth        | 4 |  4.9
Fighting       | 3 4 5 6 8 9 11 13 | 13.6
Long Blades    | 3 5 7 9 11 13 | 13.3
Shields        | 3 6 |  6.0
Armour         | 6 |  6.5
Spellcasting   | 3 6 |  6.8
Translocations | 3 |  3.8
Throwing       | |  1.7
Dodging        | |  0.8

Action                   |  1- 3 |  4- 6 |  7- 9 | 10-12 | 13-15 || total
-------------------------+-------+-------+-------+-------+-------++-------
Melee: Dagger            |   122 |   127 |       |       |       ||   249
       Kick              |    23 |    34 |    61 |   179 |    40 ||   337
       Double sword      |       |    19 |   205 |   530 |   116 ||   870
Throw: Dart              |       |       |       |    75 |       ||    75
Invok: Curse Item        |       |       |       |     6 |       ||     6
       Shatter the Chain |       |       |       |     1 |     1 ||     2
  Use: Scroll            |       |     8 |     5 |     3 |     1 ||    17
       Potion            |       |     2 |       |     4 |       ||     6
 Stab: Sleeping          |     8 |    11 |       |       |       ||    19
       Distracted        |     1 |       |       |       |       ||     1
       Invisible         |       |       |       |     5 |       ||     5
       Petrifying        |       |       |       |     1 |       ||     1
Armor: Robe              |     6 |    14 |       |       |       ||    20
       Chain mail        |       |     8 |   109 |    29 |       ||   146
       Crystal plate arm |       |       |       |   208 |    34 ||   242
Dodge: Dodged            |    59 |    60 |    83 |    72 |    11 ||   285
Block: Other             |     4 |    15 |    45 |    38 |       ||   102
       Buckler           |       |       |       |   208 |    77 ||   285
       Reflection        |       |       |       |    20 |    14 ||    34
       Rpst.: Double sword |       |     1 |    22 |    18 |     6 ||    47

Table legend: (Time is in decaauts)
 A = Elapsed time spent in this place.
 B = Non-inter-level travel time spent in this place.
 C = Inter-level travel time spent in this place.
 D = Time resting spent in this place.
 E = Time spent auto-exploring this place.
 F = Levels seen in this place.
 G = Mean time per level.
                   A        B        C        D        E       F      G
               +--------+--------+--------+--------+--------+-----+--------+
         Total |  17983 |  17559 |    424 |   2737 |  12078 |  17 | 1057.8 |
       Dungeon |  14832 |  14427 |    405 |   1677 |  10770 |  14 | 1059.4 |
        Temple |    180 |    161 |     19 |      0 |    152 |   1 |  180.0 |
         Sewer |    495 |    495 |      0 |      0 |    252 |   1 |  495.0 |
        Bailey |   2475 |   2475 |      0 |   1059 |    903 |   1 | 2475.0 |
               +--------+--------+--------+--------+--------+-----+--------+

Top non-repeatable levels by time:
  Bailey: 2475 daAuts
    D:10: 1665 daAuts
     D:9: 1632 daAuts
     D:3: 1464 daAuts
     D:7: 1451 daAuts
     D:4: 1265 daAuts
    D:13: 1263 daAuts
     D:1: 1149 daAuts
     D:6: 1132 daAuts
    D:11: 961 daAuts
     D:5: 884 daAuts
    D:12: 733 daAuts
     D:8: 654 daAuts
   Sewer: 495 daAuts
     D:2: 469 daAuts
